 Dungeon Crawl Stone Soup version 0.24-a0-778-g74da537585 (webtiles) character file.

Game seed: 12175629606727624143, levelgen mode: deterministic

88 Kohma the Grasshopper (level 4, 0/32 HPs)
             Began as a Gnoll Wanderer on Oct 7, 2019.
             Slain by a hippogriff (3 damage)
             ... on level 2 of the Dungeon.
             The game lasted 00:07:15 (1743 turns).

Kohma the Grasshopper (Gnoll Wanderer)              Turns: 1743, Time: 00:07:16

Health: 0/32       AC:  8    Str: 16    XL:     4   Next: 53%
Magic:  11/11      EV: 10    Int: 16    God:
Gold:   41         SH:  0    Dex: 12    Spells: 5/13 levels left

rFire    . . .     SeeInvis .   o - +1 dagger (pain)
rCold    . . .     Gourm    .   (no shield)
rNeg     . . .     Faith    .   b - +0 ring mail
rPois    .         Spirit   .   (no helmet)
rElec    .         Reflect  .   (no cloak)
rCorr    .         Harm     .   k - +2 pair of gloves
MR       .....                  (no boots)
Stlth    +.........             (no amulet)
HPRegen  0.10/turn              (no ring)
MPRegen  0.12/turn              (no ring)

@: no status effects
A: distributed training, fangs 1, strong nose
a: no special abilities


You were on level 2 of the Dungeon.
You were not hungry.

You visited 1 branch of the dungeon, and saw 2 of its levels.

You collected 41 gold pieces.

Inventory:

Hand Weapons
 g - a +0 short sword
 o - a +1 dagger of pain (weapon)
Missiles
 e - 141 stones (quivered)
Armour
 b - a +0 ring mail (worn)
 d - a +0 robe
 k - a +2 pair of gloves (worn)
Scrolls
 c - a scroll of teleportation
 i - a scroll of identify {unknown}
 l - a scroll of remove curse
 n - a scroll of fear {unknown}
Potions
 h - a potion of flight {unknown}
 j - a potion of lignification {unknown}
 m - a potion of curing {unknown}
Comestibles
 a - a chunk of flesh
 f - 3 rations


   Skills:
 + Level 1.1 Fighting
 + Level 1.1 Short Blades
 + Level 1.1 Long Blades
 + Level 1.1 Axes
 + Level 1.1 Maces & Flails
 + Level 1.1 Polearms
 + Level 1.1 Staves
 + Level 1.1 Slings
 + Level 1.1 Bows
 + Level 1.1 Crossbows
 + Level 1.1 Throwing
 + Level 1.1 Armour
 + Level 1.1 Dodging
 + Level 2.5 Stealth
 + Level 1.1 Shields
 + Level 1.1 Unarmed Combat
 + Level 5.1 Spellcasting
 + Level 3.8 Conjurations
 + Level 0.9 Hexes
 + Level 2.2 Charms
 + Level 0.9 Summonings
 + Level 0.9 Necromancy
 + Level 5.4 Translocations
 + Level 0.9 Transmutations
 + Level 0.9 Fire Magic
 + Level 0.9 Ice Magic
 + Level 0.9 Air Magic
 + Level 0.9 Earth Magic
 + Level 0.9 Poison Magic
 + Level 1.2 Invocations
 + Level 2.7 Evocations


You had 5 spell levels left.
You knew the following spells:

 Your Spells              Type           Power        Failure   Level  Hunger
a - Flame Tongue          Conj/Fire      ##...        11%         1    None
b - Blink                 Tloc           N/A          4%          2    #......
c - Shroud of Golubria    Chrm/Tloc      ###...       9%          2    #......
d - Teleport Other        Tloc           ###.....     9%          3    ###....

Your spell library contained the following spells:

 Spells                   Type           Power        Failure   Level  Hunger
 Gell's Gravitas          Tloc           ###.......   9%          3    ###....
 Lesser Beckoning         Tloc           ###.......   9%          3    ###....
 Passage of Golubria      Tloc           N/A          30%         4    ####...
 Conjure Flame            Conj/Fire      ##......     32%         3    ###....


Dungeon Overview and Level Annotations

Branches:
Dungeon (2/15)

Altars:
Gozag


Innate Abilities, Weirdness & Mutations

Your experience applies equally to all skills.
You have very sharp teeth.
Your uncanny sense of smell can sniff out nearby items.


Message History

Your bite misses the hippogriff.
The hippogriff is lightly wounded.
The hippogriff closely misses you. The hippogriff pecks you.
The hippogriff barely misses you.
You hit the hippogriff but do no damage.
The hippogriff writhes in agony.
The hippogriff is lightly wounded.
The hippogriff bites you. The hippogriff misses you.
The hippogriff barely misses you.
You barely miss the hippogriff. Your bite misses the hippogriff.
The hippogriff is lightly wounded.
The hippogriff bites you!
* * * LOW HITPOINT WARNING * * *
The hippogriff pecks you.
* * * LOW HITPOINT WARNING * * *
The hippogriff claws you but does no damage.
You hit the hippogriff but do no damage.
The hippogriff is lightly wounded.
The hippogriff bites you.
You die...

#########
###########........
#.........#.#......
######.........#.#.#####
.....'...).....'........
#H@.......#.#.#.### ..
#.........#.#.#.#
.....#.........#.#.#.#
#.....####...####.#.#.#
#.....####...# #.#.#.#
##............####.#...#
#..................#...#
#.................###.###
#................##.....##


You could see a hippogriff.

Vanquished Creatures
  An orc wizard (D:2)
  An adder (D:2)
  A dart slug (D:1)
  A leopard gecko (D:2)
  4 orcs (D:2)
  8 giant cockroaches
  4 goblins
  A hobgoblin (D:1)
  4 jackals (D:1)
  6 bats
  2 frilled lizards
  5 kobolds (D:1)
  3 rats
41 creatures vanquished.

Notes
Turn   | Place    | Note
-------+----------+-------------------------------------------
     0 | D:1      | Kohma the Gnoll Wanderer began the quest for the Orb.
     0 | D:1      | Kohma set off with the following items: a +0 club, a scroll
                  | of teleportation, a +0 robe, a ration; and the following
                  | spell memorised: Flame Tongue; and the following spells
                  | available to memorise: Blink, Shroud of Golubria, Gell's
                  | Gravitas, Lesser Beckoning, Teleport Other, Passage of
                  | Golubria, Conjure Flame
     0 | D:1      | Reached XP level 1. HP: 13/13 MP: 6/6
   152 | D:1      | Reached XP level 2. HP: 16/19 MP: 5/7
   633 | D:1      | Reached XP level 3. HP: 9/25 MP: 0/9
  1044 | D:1      | Reached skill level 5 in Spellcasting
  1083 | D:2      | Learned a level 2 spell: Blink
  1086 | D:2      | Learned a level 2 spell: Shroud of Golubria
  1090 | D:2      | Learned a level 3 spell: Teleport Other
  1229 | D:2      | Reached skill level 1 in Invocations
  1358 | D:2      | Reached skill level 1 in Fighting
  1358 | D:2      | Reached skill level 1 in Short Blades
  1358 | D:2      | Reached skill level 1 in Long Blades
  1358 | D:2      | Reached skill level 1 in Axes
  1358 | D:2      | Reached skill level 1 in Maces & Flails
  1358 | D:2      | Reached skill level 1 in Polearms
  1358 | D:2      | Reached skill level 1 in Staves
  1358 | D:2      | Reached skill level 1 in Slings
  1358 | D:2      | Reached skill level 1 in Bows
  1358 | D:2      | Reached skill level 1 in Crossbows
  1358 | D:2      | Reached skill level 1 in Throwing
  1358 | D:2      | Reached skill level 1 in Armour
  1358 | D:2      | Reached skill level 1 in Dodging
  1358 | D:2      | Reached skill level 1 in Shields
  1358 | D:2      | Reached skill level 1 in Unarmed Combat
  1369 | D:2      | Reached XP level 4. HP: 6/32 MP: 9/11
  1683 | D:2      | Found an opulent altar of Gozag.
  1733 | D:2      | Noticed a hippogriff
  1743 | D:2      | Slain by a hippogriff

Levels and vault maps discovered:
D:1:      dpeg_arrival_prison, layout_basic
D:2:      layout_basic, grunt_gozag_statues, first_ration,
          minmay_misc_feat_diagonals

Skill      XL: |  1  2  3 |
---------------+----------+-----
Charms         | 2 |  2.2
Spellcasting   | 5 |  5.1
Invocations    | 1 |  1.2
Fighting       | 1 |  1.1
Short Blades   | 1 |  1.1
Long Blades    | 1 |  1.1
Axes           | 1 |  1.1
Maces & Flails | 1 |  1.1
Polearms       | 1 |  1.1
Staves         | 1 |  1.1
Slings         | 1 |  1.1
Bows           | 1 |  1.1
Crossbows      | 1 |  1.1
Throwing       | 1 |  1.1
Armour         | 1 |  1.1
Dodging        | 1 |  1.1
Shields        | 1 |  1.1
Unarmed Combat | 1 |  1.1
Stealth        | |  2.5
Conjurations   | |  3.8
Hexes          | |  0.9
Summonings     | |  0.9
Necromancy     | |  0.9
Translocations | |  5.4
Transmutations | |  0.9
Fire Magic     | |  0.9
Ice Magic      | |  0.9
Air Magic      | |  0.9
Earth Magic    | |  0.9
Poison Magic   | |  0.9
Evocations     | |  2.7

Action                   |  1- 3 |  4- 6 || total
-------------------------+-------+-------++-------
Melee: Club              |    10 |       ||    10
       Bite              |     9 |     2 ||    11
       Short sword       |   117 |       ||   117
       Dagger            |       |    21 ||    21
Throw: Stone             |     2 |       ||     2
 Cast: Flame Tongue      |    27 |     3 ||    30
  Use: Scroll            |     1 |       ||     1
 Stab: Sleeping          |     2 |       ||     2
  Eat: Chunk             |     1 |     2 ||     3
Armor: Robe              |     9 |       ||     9
       Ring mail         |    70 |     5 ||    75
Dodge: Dodged            |   104 |    15 ||   119

Table legend:
 A = Non-vault XP
 B = Vault XP
 C = Vault XP percentage of total XP
 D = Non-vault monster count
 E = Vault monster count
 F = Vault count percentage of total count
                 A         B        C        D         E       F
            +---------+---------+-------+---------+---------+-------
      Total |     117 |       9 |   7.1 |      36 |       5 |  12.2
            +---------+---------+-------+---------+---------+-------
        D:1 |      32 |       9 |  22.0 |      19 |       5 |  20.8
        D:2 |      85 |       0 |   0.0 |      17 |       0 |   0.0
            +---------+---------+-------+---------+---------+-------
